TOP OF THE 1ST |
California Golden Bears batting - Pitching for Kentucky Wildcats : RHP Jorge Bonella
|
Pitching: RHP Jorge Bonella
|
|
Batting: RHB Johnny Phillips
|
0-0: Swinging Strike 0-1: Swinging Strike 0-2: Strikes out swinging
|
Batting: RHB Phil Cabrera
|
0-0: Fly out, F9 (Flyball, 9LSF)
|
Batting: RHB Sergio González
|
0-0: Ball 1-0: Fly out, F8 (Flyball, 78D)
|
Top of the 1st over - 0 run(s), 0 hit(s), 0 error(s), 0 left on base; California 0 - Kentucky 0 |
BOTTOM OF THE 1ST |
Kentucky Wildcats batting - Pitching for California Golden Bears : RHP Justin Taylor
|
Pitching: RHP Justin Taylor
|
|
Batting: RHB Lewis Childress
|
0-0: Reached on error, E4 (Groundball, 4)
|
Batting: SHB Eduardo Luna
|
0-0: Fly out, F7 (Line Drive, 7)
|
Batting: LHB Mark Sanders
|
0-0: Called Strike 0-1: Ball 1-1: Reached on error, E4 (Groundball, 4M) Lewis Childress scores
|
Batting: LHB Caden Cleveland
|
0-0: Fly out, F9 (Flyball, 9LS)
|
Batting: RHB Haywood Young
|
0-0: Ball 1-0: Foul Ball, location: 2F 1-1: Swinging Strike 1-2: Ball 2-2: Reached via error on a dropped throw, E1 Mark Sanders to third
|
Batting: LHB Matt Taylor
|
0-0: Foul Ball, location: 2F 0-1: Ball 1-1: SINGLE (Groundball, 34D) Mark Sanders scores Haywood Young to second Runner from 2nd tries for 3rd, SAFE, no throw
|
Batting: RHB Billy Forbes
|
0-0: SINGLE (Line Drive, 4D) Haywood Young scores Matt Taylor to second
|
Batting: SHB Russ Beasley
|
0-0: Ball 1-0: Called Strike 1-1: Ball 2-1: Ball 3-1: Fly out, F7 (Line Drive, 7)
|
Bottom of the 1st over - 3 run(s), 2 hit(s), 3 error(s), 2 left on base; California 0 - Kentucky 3 |
TOP OF THE 2ND |
California Golden Bears batting - Pitching for Kentucky Wildcats : RHP Jorge Bonella
|
Batting: RHB Owen Jenkins
|
0-0: SOLO HOME RUN (Flyball, 7D), Distance : 356 ft
|
Batting: RHB Daniel Moody
|
0-0: Ball 1-0: Foul Ball, location: 2F 1-1: Foul Ball, location: 2F 1-2: Strikes out looking
|
Batting: SHB Dan Morse
|
0-0: Ground out 6-3 (Groundball, 6)
|
|
|
Batting: RHB Mike Hammond
|
0-0: Ball 1-0: Ground out 5-3 (Groundball, 56S)
|
Top of the 2nd over - 1 run(s), 1 hit(s), 0 error(s), 0 left on base; California 1 - Kentucky 3 |
BOTTOM OF THE 2ND |
Kentucky Wildcats batting - Pitching for California Golden Bears : RHP Justin Taylor
|
Batting: RHB Johnny Carson
|
0-0: Fly out, F6 (Line Drive, 6)
|
Batting: RHB Lewis Childress
|
0-0: SOLO HOME RUN (Flyball, 78XD), Distance : 382 ft
|
Batting: SHB Eduardo Luna
|
0-0: Called Strike 0-1: Swinging Strike 0-2: Ground out U3 (Groundball, 34)
|
Batting: LHB Mark Sanders
|
0-0: Called Strike 0-1: Ball 1-1: Ball 2-1: Ball 3-1: Base on Balls
|
Batting: LHB Caden Cleveland
|
0-0: Ball Mark Sanders steals 2nd base 1-0: Swinging Strike 1-1: Ball 2-1: Swinging Strike 2-2: Ball 3-2: Strikes out swinging
|
Bottom of the 2nd over - 1 run(s), 1 hit(s), 0 error(s), 1 left on base; California 1 - Kentucky 4 |
TOP OF THE 3RD |
California Golden Bears batting - Pitching for Kentucky Wildcats : RHP Jorge Bonella
|
Batting: RHB Cal Cox
|
0-0: Ball 1-0: SINGLE (Line Drive, 3)
|
Batting: RHB Cisco Villa
|
0-0: Ball 1-0: Foul Ball, location: 2F 1-1: Called Strike 1-2: Strikes out swinging
|
Batting: RHB Johnny Phillips
|
0-0: Ball Cal Cox steals 2nd base 1-0: SINGLE (Flyball, 7S) Cal Cox to third
|
Batting: RHB Phil Cabrera
|
0-0: Ball 1-0: Ball 2-0: Called Strike 2-1: Called Strike 2-2: Ball 3-2: Base on Balls Johnny Phillips to second
|
Batting: RHB Sergio González
|
0-0: Ball 1-0: Ball Wild Pitch! Cal Cox scores Johnny Phillips to third Phil Cabrera to second 2-0: Ball 3-0: Base on Balls
|
Batting: RHB Owen Jenkins
|
0-0: Fly out, F8 (Flyball, 8RM) Runner from 3rd tags up, SCORES, no throw
|
Batting: RHB Daniel Moody
|
0-0: Called Strike 0-1: Ball 1-1: Ball Error on foul ball, E5 2-2: Fielders Choice at 2nd, 5-4 (Groundball, 56)
|
Top of the 3rd over - 2 run(s), 2 hit(s), 1 error(s), 1 left on base; California 3 - Kentucky 4 |
BOTTOM OF THE 3RD |
Kentucky Wildcats batting - Pitching for California Golden Bears : RHP Justin Taylor
|
Batting: RHB Haywood Young
|
0-0: Foul Ball, location: 2F 0-1: Called Strike 0-2: Strikes out swinging
|
Batting: LHB Matt Taylor
|
0-0: Called Strike 0-1: Called Strike 0-2: Ball 1-2: Foul Ball, location: 2F 1-2: Ball 2-2: Strikes out swinging
|
Batting: RHB Billy Forbes
|
0-0: Ball 1-0: Called Strike 1-1: Ball 2-1: Fly out, F7 (Flyball, 7)
|
Bottom of the 3rd over - 0 run(s), 0 hit(s), 0 error(s), 0 left on base; California 3 - Kentucky 4 |
TOP OF THE 4TH |
California Golden Bears batting - Pitching for Kentucky Wildcats : RHP Jorge Bonella
|
Batting: SHB Dan Morse
|
0-0: Called Strike 0-1: Ball 1-1: Foul Ball, location: 2F 1-2: Ball 2-2: Strikes out swinging
|
Batting: RHB Mike Hammond
|
0-0: Called Strike 0-1: Called Strike 0-2: Strikes out looking
|
Batting: RHB Cal Cox
|
0-0: Called Strike 0-1: Fly out, F4 (Line Drive, 4M)
|
Top of the 4th over - 0 run(s), 0 hit(s), 0 error(s), 0 left on base; California 3 - Kentucky 4 |
BOTTOM OF THE 4TH |
Kentucky Wildcats batting - Pitching for California Golden Bears : RHP Justin Taylor
|
Batting: SHB Russ Beasley
|
0-0: Called Strike 0-1: Fly out, F9 (Flyball, 9)
|
Batting: RHB Johnny Carson
|
0-0: Ball 1-0: SOLO HOME RUN (Flyball, 7D), Distance : 361 ft
|
Batting: RHB Lewis Childress
|
0-0: Foul Ball, location: 2F 0-1: Ball 1-1: Called Strike 1-2: Strikes out looking
|
Batting: SHB Eduardo Luna
|
0-0: Ground out U3 (Groundball, 3)
|
Bottom of the 4th over - 1 run(s), 1 hit(s), 0 error(s), 0 left on base; California 3 - Kentucky 5 |
TOP OF THE 5TH |
California Golden Bears batting - Pitching for Kentucky Wildcats : RHP Jorge Bonella
|
Batting: RHB Cisco Villa
|
0-0: Foul Ball, location: 2F 0-1: Ball 1-1: SINGLE (Groundball, 56D)
|
Batting: RHB Johnny Phillips
|
0-0: Swinging Strike 0-1: Called Strike 0-2: Ball 1-2: Strikes out swinging
|
Batting: RHB Phil Cabrera
|
0-0: Called Strike 0-1: Fly out, F7 (Line Drive, 78M)
|
Batting: RHB Sergio González
|
0-0: Called Strike 0-1: Foul Ball, location: 2F 0-2: Strikes out swinging
|
Top of the 5th over - 0 run(s), 1 hit(s), 0 error(s), 1 left on base; California 3 - Kentucky 5 |
BOTTOM OF THE 5TH |
Kentucky Wildcats batting - Pitching for California Golden Bears : RHP Justin Taylor
|
Batting: LHB Mark Sanders
|
0-0: Ball 1-0: Ground out 4-3 (Groundball, 4)
|
Batting: LHB Caden Cleveland
|
0-0: Ball 1-0: Ball 2-0: SOLO HOME RUN (Flyball, 8LXD), Distance : 400 ft
|
Pitching: LHP David Waller
|
|
Batting: RHB Haywood Young
|
0-0: Ball 1-0: Ball 2-0: Foul Ball, location: 2F 2-1: Ball 3-1: Ground out 4-3 (Groundball, 4)
|
Batting: LHB Matt Taylor
|
0-0: Ball 1-0: Ball 2-0: Ball 3-0: Called Strike 3-1: Foul Ball, location: 2F 3-2: Foul Ball, location: 2F 3-2: Foul Ball, location: 2F 3-2: Foul Ball, location: 2F 3-2: Foul Ball, location: 2F 3-2: Fly out, F9 (Flyball, 89M)
|
Bottom of the 5th over - 1 run(s), 1 hit(s), 0 error(s), 0 left on base; California 3 - Kentucky 6 |
TOP OF THE 6TH |
California Golden Bears batting - Pitching for Kentucky Wildcats : RHP Jorge Bonella
|
Batting: RHB Owen Jenkins
|
0-0: Foul Ball, location: 2F 0-1: Foul Ball, location: 2F 0-2: Ball 1-2: Fly out, F8 (Line Drive, 8RS)
|
Batting: RHB Daniel Moody
|
0-0: Fly out, F7 (Flyball, 7LS)
|
Batting: SHB Dan Morse
|
0-0: Ball 1-0: Called Strike 1-1: Ball 2-1: Ball 3-1: Ground out 4-3 (Groundball, 4M)
|
Top of the 6th over - 0 run(s), 0 hit(s), 0 error(s), 0 left on base; California 3 - Kentucky 6 |
BOTTOM OF THE 6TH |
Kentucky Wildcats batting - Pitching for California Golden Bears : LHP David Waller
|
Batting: RHB Billy Forbes
|
0-0: Swinging Strike 0-1: Ball 1-1: Foul Ball, location: 2F 1-2: Single, Error in OF, E8, batter to second base
|
Batting: SHB Russ Beasley
|
0-0: Called Strike 0-1: Foul Ball, location: 2F 0-2: SINGLE (Groundball, 4M) (infield hit) Billy Forbes to third
|
Batting: RHB Johnny Carson
|
0-0: Foul Ball, location: 2F 0-1: SINGLE (Line Drive, 89M) Billy Forbes scores Russ Beasley to second
|
Batting: RHB Lewis Childress
|
0-0: Called Strike Russ Beasley is caught stealing 3rd base Johnny Carson to second 0-1: Foul Ball, location: 2F 0-2: Hit by Pitch
|
Batting: SHB Eduardo Luna
|
0-0: Ball 1-0: Ball 2-0: Ball Wild Pitch! Johnny Carson to third Lewis Childress to second 3-0: Base on Balls
|
Batting: LHB Mark Sanders
|
0-0: Ball 1-0: Hit by Pitch Johnny Carson scores Lewis Childress to third Eduardo Luna to second
|
Pitching: LHP Dexter Hubert
|
|
Batting: LHB Caden Cleveland
|
0-0: Foul Ball, location: 2F 0-1: Ball 1-1: SINGLE (Groundball, 3D) Lewis Childress scores Eduardo Luna to third Mark Sanders to second
|
Batting: RHB Haywood Young
|
0-0: Foul Ball, location: 2F 0-1: Ball 1-1: Fly out, F9 (Flyball, 9) Runner from 3rd tags up, OUT at HOME
|
Bottom of the 6th over - 3 run(s), 4 hit(s), 1 error(s), 2 left on base; California 3 - Kentucky 9 |
TOP OF THE 7TH |
California Golden Bears batting - Pitching for Kentucky Wildcats : RHP Jorge Bonella
|
Batting: RHB Mike Hammond
|
0-0: SINGLE (Groundball, 56S) (infield hit)
|
Batting: RHB Cal Cox
|
0-0: Ball 1-0: Called Strike 1-1: Foul Ball, location: 2F 1-2: Fly out, F7 (Line Drive, 7)
|
Batting: RHB Cisco Villa
|
0-0: Ball Mike Hammond is caught stealing 2nd base 1-0: Ball 2-0: Called Strike 2-1: SINGLE (Groundball, 6D)
|
Batting: RHB Johnny Phillips
|
0-0: Called Strike 0-1: Ball 1-1: Ball 2-1: Swinging Strike 2-2: Strikes out looking
|
Top of the 7th over - 0 run(s), 2 hit(s), 0 error(s), 1 left on base; California 3 - Kentucky 9 |
BOTTOM OF THE 7TH |
Kentucky Wildcats batting - Pitching for California Golden Bears : LHP Dexter Hubert
|
Batting: LHB Matt Taylor
|
0-0: Ball 1-0: Ball 2-0: Ball 3-0: Called Strike 3-1: Base on Balls
|
Batting: RHB Billy Forbes
|
0-0: Called Strike 0-1: Called Strike 0-2: Ball Passed Ball! Matt Taylor to second 1-2: Strikes out looking
|
Batting: SHB Russ Beasley
|
0-0: Ball 1-0: Ball 2-0: Ball 3-0: Base on Balls
|
Batting: RHB Johnny Carson
|
0-0: Ball 1-0: Fly out, F8 (Flyball, 8LD) Runner from 2nd tags up, SAFE at 3rd, no throw
|
Batting: RHB Lewis Childress
|
0-0: Ball 1-0: Called Strike Russ Beasley steals 2nd base 1-1: Ball 2-1: Ground out 6-3 (Groundball, 56)
|
Bottom of the 7th over - 0 run(s), 0 hit(s), 0 error(s), 2 left on base; California 3 - Kentucky 9 |
TOP OF THE 8TH |
California Golden Bears batting - Pitching for Kentucky Wildcats : RHP Jorge Bonella
|
Pitching: RHP Iván López
|
|
Batting: RHB Phil Cabrera
|
0-0: Ball 1-0: Ball 2-0: Called Strike 2-1: Fly out, F9 (Flyball, 9)
|
Batting: RHB Sergio González
|
0-0: Called Strike 0-1: Ground out 6-3 (Groundball, 6)
|
Batting: RHB Owen Jenkins
|
0-0: Ball 1-0: Swinging Strike 1-1: Ball 2-1: Ball 3-1: Called Strike 3-2: Reached on error, E5 (Groundball, 56)
|
Batting: RHB Daniel Moody
|
0-0: Ball 1-0: Ball 2-0: Ball 3-0: Base on Balls Owen Jenkins to second
|
Batting: SHB Dan Morse
|
0-0: Fly out, F5 (Popup, 5L)
|
Top of the 8th over - 0 run(s), 0 hit(s), 1 error(s), 2 left on base; California 3 - Kentucky 9 |
BOTTOM OF THE 8TH |
Kentucky Wildcats batting - Pitching for California Golden Bears : LHP Dexter Hubert
|
Batting: SHB Eduardo Luna
|
0-0: Ball 1-0: Foul Ball, location: 2F 1-1: Ball 2-1: Ball 3-1: Foul Ball, location: 2F 3-2: Strikes out looking
|
Batting: LHB Mark Sanders
|
0-0: Ball 1-0: Fly out, F8 (Flyball, 78M)
|
Batting: LHB Caden Cleveland
|
0-0: Ball 1-0: Ball 2-0: Ball 3-0: Base on Balls
|
Batting: RHB Haywood Young
|
0-0: Ball 1-0: Foul Ball, location: 2F 1-1: SINGLE (Groundball, 34D) Caden Cleveland to second Runner from 2nd tries for 3rd, OUT!
|
Bottom of the 8th over - 0 run(s), 1 hit(s), 0 error(s), 1 left on base; California 3 - Kentucky 9 |
TOP OF THE 9TH |
California Golden Bears batting - Pitching for Kentucky Wildcats : RHP Iván López
|
Now at C: Steve Shaw
|
|
Batting: RHB Mike Hammond
|
0-0: Foul Ball, location: 2F 0-1: SINGLE (Groundball, 4MD)
|
Batting: RHB Cal Cox
|
0-0: Called Strike 0-1: Foul Ball, location: 2F 0-2: Strikes out looking
|
Batting: RHB Cisco Villa
|
0-0: Called Strike 0-1: Ball 1-1: Called Strike 1-2: 2-RUN HOME RUN (Flyball, 78XD), Distance : 382 ft
|
Pitching: RHP Doug Sales
|
|
Batting: RHB Johnny Phillips
|
0-0: Called Strike 0-1: Ball 1-1: Ball 2-1: Called Strike 2-2: Ball 3-2: Ground out 6-3 (Groundball, 6MS)
|
Batting: RHB Phil Cabrera
|
0-0: Ball 1-0: Ball 2-0: Ball 3-0: Called Strike 3-1: Ground out 6-3 (Groundball, 6)
|
Top of the 9th over - 2 run(s), 2 hit(s), 0 error(s), 0 left on base; California 5 - Kentucky 9 |
 |
Tuesday, August 8th, 2017 - OOTP Baseball 17.12 Build 75
|
|